Map: Eastwatch LE

Players

Youpla - Winner!

  • Race: Protoss Protoss
  • Spawn Location: 7:00

Cellsidus

  • Race: Zerg Zerg
  • League: Diamond
  • Spawn Location: 1:00

VOD

Have the link to the VOD?

Description

Time

  • Played on: March 10, 2018, 8:38 a.m.
  • Length: 20:37
Show
View Real Time Build Order
Export as new Build Order

Youpla Protoss - Winner!

Build Orders:  

Get SALT Encoding   

  12  0:00  Probe  
  13  0:13  Probe  
  14  0:18  Pylon  
  14  0:27  Probe  
  15  0:36  Gateway  
  15  0:39  Probe  
  16  0:49  Forge  
  16  0:54  Probe (Chrono Boost)  
  17  0:58  Assimilator  
  17  1:06  Probe (Chrono Boost)  
  18  1:15  Probe (Chrono Boost)  
  19  1:24  Cybernetics Core  
  19  1:26  Probe  
  20  1:35  Zealot  
  22  1:40  Pylon  
  22  1:44  Probe  
  23  1:47  Assimilator  
  23  2:00  Adept (Chrono Boost)  
  25  2:15  Probe  
  26  2:20  Warp Gate  
  25  2:38  Shield Battery  
  25  2:44  Pylon, Adept  
  27  2:56  Pylon  
  27  3:02  Probe  
  27  3:03  Protoss Ground Armor Level 1  
  28  3:06  Pylon  
  28  3:12  Sentry  
  30  3:19  Gateway  
  30  3:25  Probe  
  31  3:31  Gateway  
  31  3:37  Probe  
  31  3:39  Sentry  
  34  3:43  Pylon  
  34  3:57  Probe  
  35  4:05  Twilight Council  
  35  4:09  Probe  
  36  4:29  Adept  
  36  4:30  Adept  
  40  4:33  Probe  
  41  4:43  Dark Shrine  
  41  4:45  Probe  
  42  4:50  Resonating Glaives  
  42  5:04  Sentry x2  
  46  5:07  Adept  
  44  5:26  Protoss Ground Weapons Level 1  
  44  5:29  Zealot x2  
  44  5:30  Zealot  
  50  5:44  Pylon  
  50  5:55  Dark Templar  
  52  6:02  Nexus  
  52  6:18  Zealot  
  50  6:44  Probe  
  49  6:55  Nexus  
  49  6:57  Pylon  
  49  7:00  Probe (Chrono Boost)  
  50  7:06  Stargate  
  50  7:14  Pylon  
  50  7:17  Gateway  
  50  7:18  Gateway  
  50  7:23  Probe x2  
  50  7:25  Gateway  
  52  7:35  Probe x2  
  54  7:45  Protoss Shields Level 1  
  54  7:50  Probe  
  55  7:54  Fleet Beacon  
  55  7:55  Oracle  
  55  7:58  Probe  
  59  8:02  Probe  
  60  8:07  Probe  
  60  8:10  Probe  
  60  8:12  Shield Battery  
  62  8:20  Pylon  
  62  8:40  Probe x2  
  64  8:48  Assimilator  
  64  8:51  Probe  
  64  8:52  Assimilator  
  65  9:02  Mothership (Chrono Boost)  
  73  9:04  Probe x2  
  73  9:05  Zealot x4  
  83  9:20  Probe x2  
  85  9:43  Pylon  
  85  9:48  Pylon  
  85  9:56  Probe x2  
  85  9:59  Carrier  
  93  10:02  Graviton Catapult  
  93  10:08  Probe x2  
  95  10:17  Photon Cannon  
  95  10:20  Probe x2  
  97  10:22  Photon Cannon  
  97  10:23  Protoss Shields Level 2  
  97  10:24  Pylon, Protoss Air Weapons Level 1  
  97  10:32  Probe  
  98  10:36  Charge  
  98  10:39  Adept x3  
  98  10:41  Zealot x3  
  110  10:54  Probe (Chrono Boost)  
  112  11:00  Probe (Chrono Boost)  
  112  11:05  Assimilator  
  112  11:07  Assimilator  
  112  11:09  Pylon  
  112  11:13  Pylon  
  112  11:32  Carrier (Chrono Boost)  
  118  11:48  Probe x3  
  118  11:53  Stargate  
  121  11:54  Stargate  
  121  11:55  Nexus  
  121  11:56  Pylon  
  121  11:58  Cybernetics Core  
  121  12:00  Forge  
  121  12:09  Gateway  
  121  12:12  Gateway  
  121  12:25  Probe x2  
  121  12:26  Probe  
  124  12:32  Nexus  
  124  12:35  Pylon  
  124  12:36  Carrier x2 (Chrono Boost)  
  124  12:44  Protoss Ground Weapons Level 2  
  136  12:45  Protoss Shields Level 3  
  136  12:50  Zealot x6  
  148  13:00  Probe x2  
  150  13:13  Protoss Air Armor Level 1, Protoss Air Weapons Level 2  
  150  13:21  Assimilator  
  150  13:23  Assimilator  
  150  13:25  Pylon, Probe  
  150  13:26  Probe x3  
  154  13:56  Carrier x2  
  154  13:57  Carrier  
  172  14:06  Pylon  
  172  14:10  Assimilator  
  172  14:12  Assimilator  
  172  14:26  Templar Archives  
  172  14:28  Blink  
  172  14:40  Gateway  
  172  14:42  Gateway  
  172  14:45  Photon Cannon  
  172  14:48  Shield Battery  
  172  14:50  Dark Templar x3  
  172  14:51  Dark Templar  
  180  15:09  Pylon  
  180  15:12  Probe x3  
  180  15:13  Probe  
  184  15:22  Carrier x2  
  196  16:00  Archon x2  
  195  16:31  Robotics Facility  
  151  17:22  Carrier x3  
  169  17:33  Observer (Chrono Boost)  
  170  17:38  Robotics Bay  
  170  17:46  Observer (Chrono Boost)  
  170  17:48  Photon Cannon  
  170  17:50  Photon Cannon x2  
  171  17:51  Photon Cannon  
  171  17:52  Photon Cannon x2  
  171  17:54  Pylon  
  153  18:54  Psionic Storm  
  172  19:13  High Templar x2  
  172  19:14  High Templar x5  
  172  19:15  Probe (Chrono Boost)  
  162  20:07  Archon x3  
  162  20:12  Stalker x2  
Show
View Real Time Build Order
Export as new Build Order

Cellsidus Zerg 

Build Orders: Pool First, Lurkers 

Get SALT Encoding   

  12  0:18  Spawning Pool  
  11  0:22  Drone  
  11  0:27  Drone  
  13  0:31  Drone  
  14  0:40  Overlord  
  14  1:05  Zergling x6  
  14  1:06  Queen  
  19  1:11  Extractor  
  18  1:22  Zergling x2  
  19  1:27  Zergling x2  
  20  1:38  Overlord  
  20  1:55  Zergling x2  
  20  2:00  Zergling x2  
  22  2:12  Zergling x2  
  22  2:18  Zergling x2  
  22  2:19  Zergling x4  
  25  2:29  Zergling x2  
  25  2:34  Metabolic Boost  
  25  2:39  Zergling x2, Baneling Nest  
  25  2:49  Zergling x2  
  26  2:56  Zergling x2  
  27  3:18  Hatchery  
  26  3:21  Zergling x4  
  28  3:33  Baneling x3  
  28  3:34  Baneling  
  28  3:35  Baneling  
  28  3:38  Baneling  
  28  3:59  Drone x2  
  30  4:04  Overlord  
  30  4:27  Drone  
  30  4:28  Drone x2  
  33  4:34  Drone x2  
  33  4:35  Drone  
  33  4:36  Drone  
  37  4:47  Queen  
  39  4:54  Overlord  
  32  5:19  Drone x5  
  35  5:39  Drone x3  
  38  5:50  Spore Crawler  
  38  5:53  Spore Crawler  
  38  5:56  Drone x2  
  38  5:58  Drone  
  38  6:01  Drone  
  40  6:09  Spine Crawler  
  37  6:19  Spine Crawler  
  37  6:20  Drone x2  
  37  6:33  Queen  
  31  6:43  Zergling x8  
  32  6:57  Spine Crawler  
  32  6:59  Zergling x8  
  35  7:04  Zergling x2  
  36  7:12  Zergling x4  
  38  7:16  Drone x2  
  38  7:20  Drone  
  38  7:22  Drone  
  42  7:28  Drone  
  43  7:31  Overlord  
  43  7:52  Drone x2  
  43  7:56  Drone x5  
  43  7:57  Drone  
  51  7:59  Overlord  
  51  8:02  Overlord  
  51  8:19  Drone  
  52  8:21  Drone x4  
  52  8:22  Zergling x6  
  52  8:23  Zergling x2  
  60  8:39  Overlord x2  
  60  8:40  Zergling x6  
  63  8:50  Zergling x8  
  67  8:59  Lair  
  67  9:00  Zergling x8  
  71  9:03  Zergling x2  
  72  9:19  Drone  
  73  9:24  Drone x2  
  73  9:25  Extractor, Drone x3  
  73  9:27  Extractor  
  73  9:28  Drone x2  
  78  9:31  Drone  
  78  9:32  Hatchery  
  78  10:00  Hydralisk Den  
  78  10:01  Overseer  
  78  10:05  Zergling x12  
  83  10:15  Spore Crawler  
  82  10:30  Grooved Spines  
  82  10:31  Overlord x3  
  82  10:58  Drone x2  
  82  10:59  Hydralisk, Drone x5  
  82  11:00  Hydralisk x6, Drone  
  82  11:01  Hydralisk  
  82  11:03  Baneling  
  82  11:04  Baneling x8  
  106  11:08  Drone x2  
  108  11:12  Spine Crawler  
  107  11:32  Hydralisk x3  
  107  11:35  Baneling x2  
  107  11:36  Baneling x2, Overlord x3  
  113  11:54  Queen, Hydralisk x3  
  113  11:56  Zergling x10  
  113  11:57  Zergling x2  
  127  12:14  Drone x3  
  130  12:19  Extractor, Drone  
  130  12:20  Drone x3  
  133  12:29  Hydralisk  
  133  12:30  Hydralisk  
  133  12:32  Overlord x3  
  137  12:42  Lurker Den  
  137  12:43  Drone x2  
  138  12:45  Evolution Chamber x2  
  138  12:46  Drone  
  138  12:49  Overlord x2  
  137  12:51  Hydralisk x4  
  137  12:57  Zergling x2  
  137  12:58  Zergling x2  
  147  13:00  Baneling  
  147  13:01  Baneling x4  
  147  13:11  Drone  
  147  13:12  Extractor, Drone x3  
  150  13:14  Muscular Augments  
  150  13:19  Zerg Missile Weapons Level 1  
  150  13:29  Hydralisk x2  
  150  13:30  Zergling x2  
  150  13:32  Zergling x10  
  160  13:42  Zerg Ground Armor Level 1  
  160  13:55  Overlord x4  
  160  13:56  Zergling x2  
  160  13:57  Zergling x10  
  166  14:03  Centrifical Hooks  
  166  14:17  Lurker  
  166  14:18  Lurker x2  
  166  14:22  Lurker  
  166  14:24  Zergling x14  
  173  14:25  Zergling x2  
  178  14:36  Zergling x4  
  178  14:37  Zergling x14  
  187  14:39  Lurker x2  
  189  14:50  Hatchery  
  188  14:56  Hydralisk x5  
  188  14:58  Zergling x2  
  188  14:59  Zergling x2  
  200  15:15  Zerg Missile Weapons Level 2  
  200  15:37  Pneumatized Carapace  
  200  15:38  Overseer  
  200  15:39  Zerg Ground Armor Level 2  
  200  15:45  Hatchery  
  199  16:05  Drone  
  125  17:08  Hydralisk x5  
  112  17:09  Hydralisk x21  
  112  17:12  Overseer  
  162  17:19  Extractor, Drone x3  
  162  17:20  Hydralisk x2  
  162  17:21  Hydralisk  
  170  17:27  Overseer  
  170  17:41  Hydralisk x4  
  178  17:49  Hydralisk x3  
  184  17:57  Hydralisk  
  161  18:24  Hydralisk x2  
  161  18:25  Hydralisk x6  
  161  18:26  Hydralisk  
  159  18:29  Overseer  
  159  18:30  Hydralisk  
  159  18:31  Hydralisk  
  161  18:36  Hydralisk  
  142  19:03  Hydralisk  
  142  19:04  Hydralisk x5  
Tags
 
Composition
Lurkers
League
Diamond
Matchup
PvZ
Opening
Pool First
Spawn Locations
Cross Positions
Add a new tag
Caveats
  • Supply blocks, unpowered buildings, or Contaminate may cause inaccurate times.
  • Supply counts are checked every 10 seconds.